AoeStats
← kevin_vanhaltren

Arena

507589429Analyzed
1v1 RM · 12d ago on Sep 18, 2026· 67m 23s· 2 players
Game mode
Random Map
Map size
Tiny (2 player)
Population
200
Speed
Normal
Resources
Standard
Victory
Conquest
Starting age
Dark Age
Ending age
Imperial Age
RankedLock teamsTeams togetherTeam positionsShared explorationLock speedFull tech treeHidden civsTurbo modeCheats
Victory
Defeat
🇺🇸 Bohemians · United States
426
+17
🇺🇸 Teutons · United States
452
-17
robin.tsang
6:59 Loom
9:23 Feudal Age
9:53 Double-Bit Axe
13:44 Horse Collar
18:29 Castle Age
17:11 Fletching
16:55 Man-at-Arms
17:34 Arson
20:30 Wheelbarrow
19:40 Town Watch
20:34 Heavy Plow
23:38 Bow Saw
25:41 Hand Cart
26:33 Bodkin Arrow
28:37 Wagenburg Tactics
30:04 Fortified Wall
29:50 Murder Holes
30:58 Chemistry
34:00 Imperial Age
33:06 Town Patrol
34:46 Hussite Reforms
35:56 Redemption
36:04 Block Printing
35:59 Fervor
37:17 Sanctity
36:54 Herbal Medicine
37:00 Atonement
37:00 Devotion
37:48 Conscription
38:00 Illumination
38:11 Theocracy
39:24 Masonry
38:55 Treadmill Crane
39:37 Ballistics
39:10 Arrowslits
41:20 Two-Man Saw
41:45 Sappers
43:51 Houfnice
44:54 Siege Engineers
45:20 Architecture
44:56 Padded Archer Armor
45:03 Bracer
46:39 Leather Archer Armor
50:07 Heresy
50:07 Faith
57:08 Ring Archer Armor
kevin_vanhaltren
10:09 Feudal Age
10:59 Horse Collar
11:13 Double-Bit Axe
19:46 Castle Age
22:05 Heavy Plow
22:18 Bow Saw
30:00 Imperial Age
29:04 Ballistics
29:35 Padded Archer Armor
29:30 Fletching
29:17 Elite Skirmisher
34:35 Chemistry
34:17 Cavalier
36:47 Town Watch
38:40 Leather Archer Armor
38:31 Scale Barding Armor
38:22 Bodkin Arrow
40:18 Two-Man Saw
41:50 Heavy Scorpion
42:50 Town Patrol
43:25 Ring Archer Armor
43:15 Chain Barding Armor
42:56 Scale Mail Armor
43:07 Forging
42:30 Paladin
45:09 Ironclad
47:05 Masonry
47:33 Plate Barding Armor
47:14 Chain Mail Armor
47:34 Iron Casting
57:19 Plate Mail Armor
57:49 Blast Furnace
57:11 Fortified Wall
Connection lost

Rejoining the realm…

Still unreachable

The connection could not be restored.

Session expired

The server has moved on; the page needs a fresh start.